 Dungeon Sprint DCSS version 0.28-a0-410-gbef64dd269 (webtiles) character file.

Game seed: 7333755281525582960

38591 dolemite99 the Nimble (level 14, -28/108 HPs)
             Began as a Gnoll Monk on Sept 7, 2021.
             Was a High Priest of Hepliaklqana.
             Killed from afar by a war gargoyle (36 damage)
             ... with a spray of metal splinters
             ... in the Dungeon (Sprint V: "Ziggurat Sprint").
             The game lasted 00:29:27 (3694 turns).

dolemite99 the Nimble (Gnoll Monk)                  Turns: 3694, Time: 00:29:27

Health: -28/108    AC: 16    Str: 13    XL:     14   Next: 2%
Magic:  30/31      EV: 11    Int: 19    God:    Hepliaklqana [*****.]
Gold:   0          SH: 16    Dex: 14    Spells: 8/40 levels left

rFire   . . .      SeeInvis .   b - +5 demon trident (venom)
rCold   + . .      Faith    .   E - +3 kite shield
rNeg    . . .      Spirit   .   G - +4 chain mail {rC+}
rPois   .          Reflect  .   (no helmet)
rElec   .          Harm     .   W - +2 cloak {rCorr}
rCorr   +          Rampage  .   (no gloves)
Will    +....      NoTele   +   Z - +2 pair of boots {Fly}
Stlth   +++.......              O - amulet of the acrobat
HPRegen 0.28/turn               U - ring of resist corrosion
MPRegen 0.22/turn               v - +6 ring of intelligence

@: corroded, flying, hasted, studying Necromancy, very quick
A: reduced essence, fangs 1, strong nose, distributed training
a: Renounce Religion, Recall Ancestor, Ancestor Identity, Transference, Idealise


You were in the Dungeon.
You worshipped Hepliaklqana.
Hepliaklqana was extremely pleased with you.
You visited 1 branch

Inventory:

Hand Weapons
 a - a +5 demon whip of freezing
 b - a +5 demon trident of venom (weapon)
 g - the +11 morningstar "Jujedwu" {flame, rPois rC- Int+5 Dex+9}
   (You found it in the Dungeon)

   It burns those it strikes, dealing additional fire damage.
   Int:       It affects your intelligence (+5).
   Dex:       It affects your dexterity (+9).
   rC:        It makes you vulnerable to cold.
   rPois:     It protects you from poison.
 m - a +4 scimitar of holy wrath
 F - the +0 short sword "Epil Sel" {freeze, rF+ rC+ Dex+4}
   (You found it in the Dungeon)

   It freezes those it strikes, dealing additional cold damage.
   It can also slow down cold-blooded creatures.
   Dex:       It affects your dexterity (+4).
   rF:        It protects you from fire.
   rC:        It protects you from cold.
 H - a +5 broad axe
 I - a +0 vampiric rapier
 K - a +5 quick blade
 M - a +5 demon blade
 N - a +5 double sword
 X - a +2 scimitar of flaming
 Y - the +3 rapier of the Toadstool {flame, Str+4}
   (You found it in the Dungeon)

   It burns those it strikes, dealing additional fire damage.
   Str:       It affects your strength (+4).
Missiles
 S - 12 boomerangs (quivered)
Armour
 l - the +4 ring mail of Ignis's Fury {rF+ Int+3}
   (You found it in the Dungeon)

   Int:       It affects your intelligence (+3).
   rF:        It protects you from fire.
 D - +5 storm dragon scales
 E - a +3 kite shield (worn)
 G - a +4 chain mail of cold resistance (worn)
 P - a +4 chain mail of poison resistance
 R - a +2 plate armour of willpower
 W - a +2 cloak of preservation (worn)
 Z - a +2 pair of boots of flying (worn)
Magical Staves
 e - a staff of poison
 s - a staff of fire
 w - a staff of death
 L - a staff of cold
Jewellery
 t - a ring of wizardry
 v - a +6 ring of intelligence (right hand)
 x - a +6 ring of strength
 y - a +6 ring of strength {=R}
 z - a +6 ring of intelligence
 O - an amulet of the acrobat (around neck)
 U - a ring of resist corrosion (left hand)
Wands
 c - a wand of mindburst (7)
 d - a wand of iceblast (1)
Scrolls
 h - a scroll of blinking
 n - 3 scrolls of amnesia
 o - 2 scrolls of fog
 q - 5 scrolls of identify {@r1}
 r - a scroll of fear
 u - 4 scrolls of enchant armour
Potions
 f - 6 potions of magic
 i - 2 potions of brilliance
 k - a potion of resistance
 B - 2 potions of haste
 Q - 9 potions of curing
 V - 3 potions of berserk rage
Miscellaneous
 j - a condenser vane (inert)
 p - a phantom mirror
 C - a lightning rod (4/4)
 J - a tin of tremorstones (inert)
 T - a phial of floods


   Skills:
 + Level 14.9 Fighting
 + Level 13.7 Short Blades
 + Level 13.7 Long Blades
 + Level 13.7 Axes
 + Level 14.9 Maces & Flails
 + Level 13.7 Polearms
 + Level 13.7 Staves
 + Level 13.7 Slings
 + Level 13.7 Bows
 + Level 13.7 Crossbows
 + Level 13.7 Throwing
 + Level 13.7 Armour
 + Level 14.9 Dodging
 + Level 14.2 Stealth
 + Level 13.7 Shields
 + Level 13.7 Unarmed Combat
 + Level 13.7 Spellcasting
 + Level 11.8 Conjurations
 + Level 11.8 Hexes
 + Level 11.8 Summonings
 + Level 13.1 Necromancy
 + Level 11.8 Translocations
 + Level 11.8 Transmutations
 + Level 11.8 Fire Magic
 + Level 11.8 Ice Magic
 + Level 11.8 Air Magic
 + Level 11.8 Earth Magic
 + Level 11.8 Poison Magic
 + Level 14.8 Invocations
 + Level 13.7 Evocations


You had 8 spell levels left.
You knew the following spells:

 Your Spells              Type           Power      Damage    Failure   Level
a - Poisonous Vapours     Pois/Air       100%       N/A       1%          2
c - Cause Fear            Hex            27%        N/A       6%          4
d - Blink                 Tloc           N/A        N/A       1%          2
e - Passage of Golubria   Tloc           N/A        N/A       6%          4
f - Summon Mana Viper     Hex/Summ       55%        N/A       16%         5
g - Manifold Assault      Tloc           55%        N/A       16%         5
h - Mephitic Cloud        Conj/Pois/Air  55%        N/A       1%          3
i - Tukima's Dance        Hex            55%        N/A       1%          3
j - Petrify               Tmut/Erth      55%        N/A       6%          4

Your spell library contained the following spells:

 Spells                   Type           Power      Damage    Failure   Level
 Foxfire                  Conj/Fire      100%       2x1d9     1%          1
 Magic Dart               Conj           100%       1d8       1%          1
 Call Imp                 Summ           55%        N/A       1%          2
 Wereblood                Tmut           55%        N/A       1%          2
 Conjure Flame            Conj/Fire      55%        6-21      1%          3
 Inner Flame              Hex/Fire       55%        N/A       1%          3
 Lesser Beckoning         Tloc           55%        N/A       1%          3
 Ozocubu's Armour         Ice            55%        N/A       1%          3
 Spider Form              Tmut/Pois      27%        N/A       1%          3
 Flame Wave               Conj/Fire      55%        3d10      6%          4
 Fireball                 Conj/Fire      27%        3d12      16%         5
 Lee's Rapid Deconstruct  Erth           27%        3d16*     16%         5
 Metabolic Englaciation   Hex/Ice        27%        N/A       16%         5
 Summon Forest            Summ/Tloc      27%        N/A       16%         5
 Yara's Violent Unravell  Hex/Tmut       27%        3d12      16%         5
 Conjure Ball Lightning   Conj/Air       27%        3x3d8     65%         6
 Dispersal                Tloc           27%        N/A       65%         6
 Eringya's Noxious Bog    Tmut/Pois      27%        N/A       65%         6
 Iron Shot                Conj/Erth      27%        9d6       65%         6
 Starburst                Conj/Fire      27%        6d9       65%         6
 Dragon Form              Tmut           27%        N/A       99%         7
 Storm Form               Tmut/Air       27%        N/A       99%         7
 Summon Hydra             Summ           27%        N/A       99%         7
 Discord                  Hex            27%        N/A       100%        8
 Disjunction              Tloc           27%        N/A       100%        8
 Ignition                 Fire           27%        3d9       100%        8
 Chain Lightning          Conj/Air       27%        3d36      100%        9
 Dragon's Call            Summ           27%        N/A       100%        9
 Fire Storm               Conj/Fire      27%        8d7       100%        9
 Shatter                  Erth           27%        3d23*     100%        9


Dungeon Overview and Level Annotations

Branches:
Dungeon (1/1)

Altars:
Ashenzari
Cheibriados
Dithmenos
Elyvilon
Fedhas
Gozag
Hepliaklqana
Kikubaaqudgha
Makhleb
Nemelex Xobeh
Okawaru
Qazlal
Ru
Sif Muna
Trog
Uskayaw
Vehumet
Wu Jian
Xom
Yredelemnul
Zin
The Shining One
Beogh
Jiyva
Lugonu

Annotations:
D 1 transporter


Innate Abilities, Weirdness & Mutations

Your life essence is reduced to manifest your ancestor. (-10% HP)
You have very sharp teeth.
Your uncanny sense of smell can sniff out nearby items.
Your experience applies equally to all skills.


Message History

The burst of rock shards engulfs the crystal echidna.
The burst of rock shards engulfs the war gargoyle!!
The burst of rock shards engulfs the ancient champion!
The burst of rock shards engulfs the crystal echidna!!
The burst of rock shards engulfs the ancient champion but does no damage.
The burst of rock shards engulfs the Hell Sentinel!
The burst of rock shards engulfs the war gargoyle but does no damage.
The burst of rock shards engulfs the ancient champion but does no damage.
The burst of rock shards engulfs the war gargoyle but does no damage. x3
The burst of rock shards engulfs the ancient champion!
The burst of rock shards engulfs the ancient champion but does no damage.
The burst of rock shards engulfs the war gargoyle but does no damage.
The burst of rock shards engulfs the Hell Sentinel but does no damage.
The burst of rock shards engulfs the ancient champion but does no damage.
The burst of rock shards engulfs the war gargoyle but does no damage.
The burst of rock shards engulfs the ancient champion but does no damage.
The burst of rock shards engulfs you but does no damage.
The burst of rock shards engulfs the war gargoyle but does no damage.
The tin is emptied!
The war gargoyle hits you but does no damage.
Space bends around you.
The war gargoyle hits you with a +0 great mace!
* * * LOW HITPOINT WARNING * * *
The ancient champion is engulfed in freezing vapours.
The ancient champion mumbles some strange words.
The ancient champion seems to speed up.
Blink to where?
Press: ? - help, Dir - move target
Found a lightning rod (4/4).
As you read the scroll of blinking, it crumbles to dust.
The ancient champion is engulfed in freezing vapours.
The ancient champion casts a spell.
The ancient champion seems to speed up.
You feel yourself speed up.
The ancient champion casts a spell at you.
The iron shot hits you!!
* * * LOW HITPOINT WARNING * * *
The war gargoyle launches metal splinters at you.
The spray of metal splinters hits you!!!
You die...

▓▓▓▓▓▓▓▓▓▓▓▓▓▓▓▓▓▓▓▓▓▓▓▓▓▓▓
▓....8©8....▓▓.8©8.▓.8©8.▓.
∆∆∆
▓...|:)|)}..▓▓...[.▓.[.[.▓.
∆∆∆
▓..§§§§§§?@.▓▓.....▓.....▓.
▓..§§§§§§.§.▓▓.....▓.....▓.
▓..§§§§z§zz.▓▓.....▓.....▓.
▓..§§§§r§.z.▓▓.....▓.....▓.
▓..§§§§99...▓▓..©..▓..©..▓▓
▓..§§§§z919.▓▓▓▓▓▓▓▓▓▓▓▓▓▓▓
▓..▓§§§§z▓9.▓..8©8...▓..8©8
▓........§..▓...)....▓...).
▓.....©.9...▓...))...▓..=..


You could see a Hell Sentinel, 6 ancient champions, a crystal echidna and 5 war
gargoyles.

Vanquished Creatures
  A caustic shrike (D)
  2 liches (D)
  3 deep elf master archers (D)
  An angel (D)
  A stone giant (D)
  2 fire dragons (D)
  3 yaktaur captains (D)
  An ice dragon (D)
  3 centaur warriors (D)
  A hell hog (D)
  2 dancing weapons (D)
  A vampire mage (D)
  A deep elf knight (D)
  A skeletal warrior (D)
  A death drake (D)
  2 swamp dragons (D)
  A deep elf pyromancer (D)
  A cyclops (D)
  5 draconians (D)
  A rime drake (D)
  An efreet (D)
  An ice devil (D)
  7 merfolk (D)
  A nameless horror (D)
  2 wind drakes (D)
  Sigmund (D)
  A water elemental (D)
  A shadow (D)
  2 spriggans (D)
  A wyvern (D)
  An acid dragon (D)
  Duvessa (D)
  2 hell hounds (D)
  2 black bears (D)
  A black bear (shapeshifter) (D)
  A swamp drake (D)
  3 centaurs (D)
  A necrophage (D)
  A phantom (D)
  Blork the orc (D)
  2 wights (D)
  3 quasits (D)
  Crazy Yiuf (D)
  Jessica (D)
  A shadow imp (D)
  An adder skeleton (D)
  An adder zombie (D)
  A bat skeleton (D)
  A ball python skeleton (D)
78 creatures vanquished.

Vanquished Creatures (collateral kills)
  A daeva (D)
  An apis (D)
  A green draconian (D)
  A dancing weapon (D)
  A nameless horror (D)
  3 draconians (D)
  A wind drake (D)
  A necrophage (D)
  A wolf (D)
  Dowan (D)
  A quasit (D)
  A white imp (D)
  An adder zombie (D)
15 creatures vanquished.

Vanquished Creatures (others)
  A hell hog (D)
  6 knights (D)
  A fire vortex (D)
8 creatures vanquished.

Grand Total: 101 creatures vanquished

Notes
Turn   | Place    | Note
-------+----------+-------------------------------------------
     0 | D        | dolemite99 the Gnoll Monk began the quest for the Orb.
     0 | D        | Reached XP level 1. HP: 23/23 MP: 1/1
     0 | D        | Found a shimmering blue altar of Sif Muna.
     0 | D        | Found a sacrificial altar of Ru.
     0 | D        | Found a bloodstained altar of Trog.
     0 | D        | Found a stormy altar of Qazlal.
     0 | D        | Found an iron altar of Okawaru.
     0 | D        | Found a sparkling altar of Nemelex Xobeh.
     0 | D        | Found a blossoming altar of Fedhas.
     0 | D        | Found the +6 Majin-Bo {vamp, MP+6 Int+6}
     0 | D        | Found the +9 heavy crossbow "Sniper" {vorpal, Acc+∞ SInv}
     0 | D        | Found the +10 dark maul {vorpal}
     0 | D        | Found the +15 Maxwell's patent armour {-Cast -Tele rElec
                  | Will+ rCorr}
     0 | D        | Found the +18 shield of the Gong {rElec rN+ Will+ EV-5}
     0 | D        | Found the +14 obsidian axe {vorpal, Mesm Drain Fly SInv}
     0 | D        | Found the +7 great mace "Firestarter" {inner flame, rF++}
     0 | D        | Found the +6 shillelagh "Devastator" {shatter}
     0 | D        | Found the +11 plutonium sword {Contam Stlth-}
     0 | D        | Found the +8 lance "Wyrmbane" {slay drac, rPois rF+ rC+
                  | AC+3}
     0 | D        | Found the +9 sword of Zonguldrok {reap}
     0 | D        | Found the +13 scythe of Curses {drain, Drain}
     0 | D        | Found the +5 sword of Power {vorpal}
     0 | D        | Found the +7 mace of Variability {chain chaos}
     0 | D        | Found the +7 Singing Sword {vorpal, sonic wave}
     0 | D        | Found the +8 storm bow {elec, penet}
     2 | D        | Found a transporter.
     2 | D        | Found an ancient bone altar of Kikubaaqudgha.
     2 | D        | Found a viscous altar of Jiyva.
     2 | D        | Found a corrupted altar of Lugonu.
     2 | D        | Found a hazy altar of Hepliaklqana.
     2 | D        | Found a burning altar of Makhleb.
     2 | D        | Found an opulent altar of Gozag.
    84 | D        | Became a worshipper of Hepliaklqana the Forgotten
    84 | D        | Reached * piety under Hepliaklqana
    84 | D        | Reached ** piety under Hepliaklqana
    87 | D        | Remembered your ancestor Cipactli as a knight
   149 | D        | Reached skill level 1 in Conjurations
   149 | D        | Reached skill level 1 in Hexes
   149 | D        | Reached skill level 1 in Summonings
   149 | D        | Reached skill level 1 in Necromancy
   149 | D        | Reached skill level 1 in Translocations
   149 | D        | Reached skill level 1 in Transmutations
   149 | D        | Reached skill level 1 in Fire Magic
   149 | D        | Reached skill level 1 in Ice Magic
   149 | D        | Reached skill level 1 in Air Magic
   149 | D        | Reached skill level 1 in Earth Magic
   149 | D        | Reached skill level 1 in Poison Magic
   149 | D        | Reached XP level 2. HP: 27/27 MP: 1/5
   296 | D        | Entered arena 2.
   296 | D        | Noticed a phantom
   296 | D        | Noticed a wight
   296 | D        | Found a transporter.
   305 | D        | Killed a wight
   306 | D        | Reached skill level 5 in Stealth
   306 | D        | Reached XP level 3. HP: 29/32 MP: 7/7
   310 | D        | Killed a phantom
   311 | D        | Reached XP level 4. HP: 35/38 MP: 7/9
   311 | D        | Reached XP level 5. HP: 39/43 MP: 7/10
   316 | D        | Got the +4 ring mail of Ignis's Fury {rF+ Int+3}
   340 | D        | Entered arena 3.
   340 | D        | Found a transporter.
   403 | D        | Learned a level 2 spell: Blink
   404 | D        | Entered arena 4.
   404 | D        | Noticed an ice devil
   404 | D        | Found a transporter.
   410 | D        | Reached XP level 6. HP: 17/50 MP: 12/12
   413 | D        | Killed an ice devil
   414 | D        | Reached skill level 5 in Short Blades
   414 | D        | Reached skill level 5 in Long Blades
   414 | D        | Reached skill level 5 in Axes
   414 | D        | Reached skill level 5 in Polearms
   414 | D        | Reached skill level 5 in Staves
   414 | D        | Reached skill level 5 in Slings
   414 | D        | Reached skill level 5 in Bows
   414 | D        | Reached skill level 5 in Crossbows
   414 | D        | Reached skill level 5 in Throwing
   414 | D        | Reached skill level 5 in Armour
   414 | D        | Reached skill level 5 in Shields
   414 | D        | Reached skill level 5 in Unarmed Combat
   414 | D        | Reached skill level 5 in Spellcasting
   414 | D        | Reached skill level 5 in Invocations
   414 | D        | Reached skill level 5 in Evocations
   414 | D        | Reached XP level 7. HP: 56/56 MP: 12/14
   537 | D        | Entered arena 5.
   537 | D        | Noticed a merfolk
   537 | D        | Noticed a merfolk
   537 | D        | Noticed a merfolk
   537 | D        | Noticed a merfolk
   537 | D        | Reached *** piety under Hepliaklqana
   537 | D        | Found a transporter.
   555 | D        | Killed a merfolk
   563 | D        | Killed a merfolk
   564 | D        | Reached skill level 5 in Conjurations
   564 | D        | Reached skill level 5 in Hexes
   564 | D        | Reached skill level 5 in Summonings
   564 | D        | Reached skill level 5 in Necromancy
   564 | D        | Reached skill level 5 in Translocations
   564 | D        | Reached skill level 5 in Transmutations
   564 | D        | Reached skill level 5 in Fire Magic
   564 | D        | Reached skill level 5 in Ice Magic
   564 | D        | Reached skill level 5 in Air Magic
   564 | D        | Reached skill level 5 in Earth Magic
   564 | D        | Reached skill level 5 in Poison Magic
   564 | D        | Reached XP level 8. HP: 39/63 MP: 15/17
   564 | D        | Killed a merfolk
   565 | D        | Killed a merfolk
   814 | D        | Entered arena 6.
   814 | D        | Noticed a spriggan
   814 | D        | Noticed a spriggan
   814 | D        | Found a transporter.
   828 | D        | Killed a spriggan
   829 | D        | Reached XP level 9. HP: 70/70 MP: 19/19
  1017 | D        | Got the +11 morningstar "Jujedwu" {flame, rPois rC- Int+5
                  | Dex+9}
  1029 | D        | Entered arena 7.
  1029 | D        | Noticed Sigmund
  1029 | D        | Noticed Jessica
  1029 | D        | Noticed Blork the orc
  1029 | D        | Noticed Crazy Yiuf
  1029 | D        | Noticed Dowan
  1029 | D        | Noticed Duvessa
  1029 | D        | Reached **** piety under Hepliaklqana
  1036 | D        | Killed Crazy Yiuf
  1039 | D        | Killed Duvessa
  1040 | D        | Reached skill level 10 in Fighting
  1040 | D        | Reached skill level 10 in Maces & Flails
  1040 | D        | Reached skill level 10 in Dodging
  1042 | D        | Killed Blork the orc
  1043 | D        | Killed Jessica
  1045 | D        | Killed Dowan
  1046 | D        | Found a transporter.
  1049 | D        | Killed Sigmund
  1105 | D        | Learned a level 4 spell: Cause Fear
  1213 | D        | Entered arena 8.
  1213 | D        | Noticed an efreet
  1213 | D        | Noticed a hell hog
  1213 | D        | Noticed a hell hog
  1216 | D        | Found a transporter.
  1220 | D        | Killed a hell hog
  1224 | D        | Killed a hell hog
  1225 | D        | Reached XP level 10. HP: 20/77 MP: 16/22
  1294 | D        | Got the +3 rapier of the Toadstool {flame, Str+4}
  1647 | D        | Entered arena 9.
  1647 | D        | Noticed a +0 hand axe of distortion
  1647 | D        | Noticed a deep elf knight
  1647 | D        | Noticed a +2 mace of protection
  1647 | D        | Noticed a +2 glaive of flaming
  1647 | D        | Noticed a deep elf pyromancer
  1650 | D        | Killed a +0 hand axe of distortion
  1652 | D        | Killed a deep elf knight
  1653 | D        | Reached skill level 10 in Stealth
  1653 | D        | Reached skill level 10 in Invocations
  1653 | D        | Killed a deep elf pyromancer
  1655 | D        | Found a transporter.
  1664 | D        | Killed a +2 glaive of flaming
  1668 | D        | Killed a +2 mace of protection
  1669 | D        | Reached XP level 11. HP: 67/83 MP: 20/24
  1752 | D        | Got Sif Muna's Guide on Gliding Companions
  1756 | D        | Learned a level 2 spell: Call Imp
  1759 | D        | Learned a level 2 spell: Poisonous Vapours
  1891 | D        | Entered arena 10.
  1894 | D        | Found a transporter.
  1898 | D        | Reached skill level 10 in Short Blades
  1898 | D        | Reached skill level 10 in Long Blades
  1898 | D        | Reached skill level 10 in Axes
  1898 | D        | Reached skill level 10 in Polearms
  1898 | D        | Reached skill level 10 in Staves
  1898 | D        | Reached skill level 10 in Slings
  1898 | D        | Reached skill level 10 in Bows
  1898 | D        | Reached skill level 10 in Crossbows
  1898 | D        | Reached skill level 10 in Throwing
  1898 | D        | Reached skill level 10 in Armour
  1898 | D        | Reached skill level 10 in Shields
  1898 | D        | Reached skill level 10 in Unarmed Combat
  1898 | D        | Reached skill level 10 in Spellcasting
  1898 | D        | Reached skill level 10 in Evocations
  2135 | D        | Entered arena 11.
  2135 | D        | Found the necklace of Bloodlust {*Rage +Rage Will++ Int-3
                  | Slay+6}
  2135 | D        | Noticed a draconian
  2135 | D        | Noticed a draconian
  2135 | D        | Noticed a draconian
  2135 | D        | Noticed a green draconian
  2135 | D        | Noticed a draconian
  2135 | D        | Noticed a draconian
  2135 | D        | Noticed a draconian
  2135 | D        | Noticed a draconian
  2135 | D        | Noticed a draconian
  2146 | D        | Killed a draconian
  2159 | D        | Killed a green draconian
  2161 | D        | Killed a draconian
  2162 | D        | Killed a draconian
  2165 | D        | Killed a draconian
  2166 | D        | Killed a draconian
  2168 | D        | Killed a draconian
  2168 | D        | Killed a draconian
  2174 | D        | Killed a draconian
  2175 | D        | Found a transporter.
  2288 | D        | Got the Handbook of Glacial Poison
  2294 | D        | Got the Grimoire of Transformation
  2398 | D        | Entered arena 12.
  2398 | D        | Noticed a swamp dragon
  2398 | D        | Noticed a death drake
  2398 | D        | Reached ***** piety under Hepliaklqana
  2398 | D        | Noticed a fire dragon
  2398 | D        | Noticed a swamp dragon
  2398 | D        | Noticed a fire dragon
  2401 | D        | Noticed an ice dragon
  2401 | D        | Found the +27 Lear's hauberk
  2402 | D        | Found a transporter.
  2407 | D        | Killed a swamp dragon
  2408 | D        | Reached XP level 12. HP: 76/92 MP: 23/27
  2411 | D        | Killed an ice dragon
  2411 | D        | Killed a fire dragon
  2415 | D        | Killed a fire dragon
  2692 | D        | Entered arena 13.
  2692 | D        | Found the +8 frozen axe "Frostbite" {freezing cloud, *Noise
                  | Fly rC+}
  2692 | D        | Found the +8 whip "Snakebite" {venom, curare, rPois}
  2692 | D        | Noticed an apis
  2692 | D        | Noticed an angel
  2699 | D        | Killed an apis
  2704 | D        | Killed an angel
  2705 | D        | Reached skill level 10 in Conjurations
  2705 | D        | Reached skill level 10 in Hexes
  2705 | D        | Reached skill level 10 in Summonings
  2705 | D        | Reached skill level 10 in Necromancy
  2705 | D        | Reached skill level 10 in Translocations
  2705 | D        | Reached skill level 10 in Transmutations
  2705 | D        | Reached skill level 10 in Fire Magic
  2705 | D        | Reached skill level 10 in Ice Magic
  2705 | D        | Reached skill level 10 in Air Magic
  2705 | D        | Reached skill level 10 in Earth Magic
  2705 | D        | Reached skill level 10 in Poison Magic
  2873 | D        | Noticed a daeva
  2874 | D        | Found a transporter.
  2898 | D        | Killed a daeva
  3075 | D        | Got the Grimoire of the Compass and Malediction
  3127 | D        | Learned a level 4 spell: Passage of Golubria
  3133 | D        | Learned a level 5 spell: Summon Mana Viper
  3139 | D        | Learned a level 5 spell: Manifold Assault
  3143 | D        | Learned a level 3 spell: Mephitic Cloud
  3147 | D        | Learned a level 3 spell: Tukima's Dance
  3152 | D        | Learned a level 4 spell: Petrify
  3166 | D        | Entered arena 14.
  3168 | D        | Noticed a deep elf master archer
  3168 | D        | Noticed a centaur warrior
  3168 | D        | Noticed a centaur warrior
  3168 | D        | Noticed a yaktaur captain
  3170 | D        | Noticed a centaur warrior
  3180 | D        | Killed a centaur warrior
  3181 | D        | Killed a centaur warrior
  3182 | D        | Noticed a yaktaur captain
  3182 | D        | Noticed a deep elf master archer
  3183 | D        | Noticed a stone giant
  3183 | D        | Identified the +6 arbalest of Raveus {penet, rC+}
  3183 | D        | Noticed a yaktaur captain
  3184 | D        | Killed a centaur warrior
  3184 | D        | Killed a deep elf master archer
  3185 | D        | Reached XP level 13. HP: 65/100 MP: 6/29
  3185 | D        | Killed a deep elf master archer
  3185 | D        | Killed a yaktaur captain
  3185 | D        | Killed a yaktaur captain
  3188 | D        | Killed a deep elf master archer
  3191 | D        | Killed a yaktaur captain
  3199 | D        | Killed a stone giant
  3444 | D        | Found a transporter.
  3453 | D        | Got the Collected Works on Poisonous Clay
  3474 | D        | Got the +0 short sword "Epil Sel" {freeze, rF+ rC+ Dex+4}
  3499 | D        | Entered arena 15.
  3501 | D        | Noticed a lich
  3504 | D        | Noticed a lich
  3523 | D        | Killed a lich
  3548 | D        | Killed a lich
  3560 | D        | Found a transporter.
  3676 | D        | Entered arena 16.
  3678 | D        | Noticed a war gargoyle
  3678 | D        | Noticed a caustic shrike
  3678 | D        | Noticed an ancient champion
  3678 | D        | Noticed an ancient champion
  3678 | D        | Noticed a war gargoyle
  3678 | D        | Noticed a war gargoyle
  3678 | D        | Noticed a war gargoyle
  3678 | D        | Noticed an ancient champion
  3678 | D        | Noticed a Hell Sentinel
  3678 | D        | Noticed an ancient champion
  3680 | D        | Noticed an ancient champion
  3681 | D        | Noticed a war gargoyle
  3685 | D        | Found a transporter.
  3686 | D        | Killed a caustic shrike
  3687 | D        | Reached XP level 14. HP: 68/108 MP: 28/31
  3688 | D        | Noticed an ancient champion
  3694 | D        | Killed from afar by a war gargoyle

Illustrated notes

Levels and vault maps discovered:
D:        sprint_v [room_start, room_1, room_2, room_3, room_4, room_5, room_6,
          room_7, room_8, room_9, room_10, room_11, room_12, room_13, room_14,
          room_15, room_16, room_17, room_18, room_19, room_20, room_21,
          room_22, room_23, room_24, room_25, room_26, room_27]

Skill      XL: |  1  2  3  4  5  6  7  8  9 10 11 12 13 |
---------------+----------------------------------------+-----
Fighting       | 7 8 9 10 11 12 13 14 | 14.9
Short Blades   | 2 3 4 5 6 7 8 9 11 12 13 | 13.7
Long Blades    | 2 3 4 5 6 7 8 9 11 12 13 | 13.7
Axes           | 2 3 4 5 6 7 8 9 11 12 13 | 13.7
Maces & Flails | 7 8 9 10 11 12 13 14 | 14.9
Polearms       | 2 3 4 5 6 7 8 9 11 12 13 | 13.7
Staves         | 2 3 4 5 6 7 8 9 11 12 13 | 13.7
Slings         | 2 3 4 5 6 7 8 9 11 12 13 | 13.7
Bows           | 2 3 4 5 6 7 8 9 11 12 13 | 13.7
Crossbows      | 2 3 4 5 6 7 8 9 11 12 13 | 13.7
Throwing       | 2 3 4 5 6 7 8 9 11 12 13 | 13.7
Armour         | 2 3 4 5 6 7 8 9 11 12 13 | 13.7
Dodging        | 7 8 9 10 11 12 13 14 | 14.9
Shields        | 2 3 4 5 6 7 8 9 11 12 13 | 13.7
Unarmed Combat | 2 3 4 5 6 7 8 9 11 12 13 | 13.7
Spellcasting   | 2 3 4 5 6 7 8 9 11 12 13 | 13.7
Conjurations   | 1 2 3 4 5 7 8 9 10 11 | 11.8
Hexes          | 1 2 3 4 5 7 8 9 10 11 | 11.8
Summonings     | 1 2 3 4 5 7 8 9 10 11 | 11.8
Necromancy     | 1 2 3 4 5 7 8 9 11 13 | 13.1
Translocations | 1 2 3 4 5 7 8 9 10 11 | 11.8
Transmutations | 1 2 3 4 5 7 8 9 10 11 | 11.8
Fire Magic     | 1 2 3 4 5 7 8 9 10 11 | 11.8
Ice Magic      | 1 2 3 4 5 7 8 9 10 11 | 11.8
Air Magic      | 1 2 3 4 5 7 8 9 10 11 | 11.8
Earth Magic    | 1 2 3 4 5 7 8 9 10 11 | 11.8
Poison Magic   | 1 2 3 4 5 7 8 9 10 11 | 11.8
Invocations    | 2 3 4 5 6 7 9 10 11 13 14 | 14.8
Evocations     | 2 3 4 5 6 7 8 9 11 12 13 | 13.7
Stealth        | 5 6 7 8 9 10 11 13 14 | 14.2

Action                   |  1- 3 |  4- 6 |  7- 9 | 10-12 | 13-15 || total
-------------------------+-------+-------+-------+-------+-------++-------
Melee: Mace              |    13 |    15 |       |       |       ||    28
       Bite              |     2 |     3 |     6 |     9 |     6 ||    26
       Demon whip        |       |     6 |    41 |    29 |       ||    76
       Rapier            |       |       |       |    20 |       ||    20
       Broad axe         |       |       |       |    22 |       ||    22
       Scimitar          |       |       |       |       |    13 ||    13
       Demon trident     |       |       |       |       |    10 ||    10
Throw: Boomerang         |       |       |       |       |    18 ||    18
 Cast: Summon Mana Viper |       |       |       |     3 |     3 ||     6
Invok: Ancestor Life: Kn |     1 |       |       |       |       ||     1
       Idealise          |       |       |     1 |     7 |     2 ||    10
Evoke: Condenser vane    |       |       |     4 |     7 |     4 ||    15
       Phial of floods   |       |       |       |     2 |     1 ||     3
       Wand              |       |       |       |    12 |     1 ||    13
       Lightning rod     |       |       |       |       |     3 ||     3
       Tin of tremorston |       |       |       |       |     4 ||     4
  Use: Potion            |     2 |     1 |    11 |    18 |     5 ||    37
       Scroll            |       |       |     3 |     8 |     4 ||    15
 Stab: Distracted        |       |     1 |     1 |     4 |       ||     6
       Invisible         |       |       |     7 |       |       ||     7
Armor: Storm dragon scal |     6 |    41 |     5 |       |     3 ||    55
       Ring mail         |       |       |     2 |    15 |       ||    17
       Chain mail        |       |       |       |    17 |     9 ||    26
Dodge: Dodged            |     2 |    38 |    18 |    45 |     7 ||   110
Block: Buckler           |     5 |    17 |       |       |       ||    22
       Kite shield       |       |    14 |    27 |    64 |     9 ||   114

Table legend: (Time is in decaauts)
 A = Elapsed time spent in this place.
 B = Non-inter-level travel time spent in this place.
 C = Inter-level travel time spent in this place.
 D = Time resting spent in this place.
 E = Time spent auto-exploring this place.
 F = Levels seen in this place.
 G = Mean time per level.
                   A        B        C        D        E       F      G
               +--------+--------+--------+--------+--------+-----+--------+
         Total |   3538 |   3538 |      0 |   2207 |    160 |   1 | 3538.0 |
       Dungeon |   3538 |   3538 |      0 |   2207 |    160 |   1 | 3538.0 |
               +--------+--------+--------+--------+--------+-----+--------+

Top non-repeatable levels by time:
       D: 3538 daAuts
